 Dungeon Crawl Stone Soup version 0.24-a0-640-ge7cd8ce (webtiles) character file.

Game seed: 15093197237870625720, levelgen mode: deterministic

70 CowFu the Slinger (level 4, -1/29 HPs)
             Began as a Halfling Hunter on Sept 24, 2019.
             Was an Initiate of Okawaru.
             Slain by Grinder (3 damage)
             ... while paralysed by Grinder
             ... on level 3 of the Dungeon.
             The game lasted 00:07:04 (2135 turns).

CowFu the Slinger (Halfling Hunter)                 Turns: 2135, Time: 00:07:05

Health: -1/29      AC:  6    Str: 13    XL:     4   Next: 44%
Magic:  4/4        EV:  3    Int:  9    God:    Okawaru [......]
Gold:   97         SH:  0    Dex: 15    Spells: 3/3 levels left

rFire    . . .     SeeInvis .   a - +1 hunting sling
rCold    . . .     Gourm    .   (shield restricted)
rNeg     . . .     Faith    .   c - +0 leather armour
rPois    .         Spirit   .   (no helmet)
rElec    .         Reflect  .   (no cloak)
rCorr    .         Harm     .   o - +1 pair of gloves
MR       .....                  h - +0 pair of boots
Stlth    ++........             (no amulet)
HPRegen  0.09/turn              (no ring)
MPRegen  0.09/turn              (no ring)

@: paralysed, flying
A: small, mutation resistance 1
a: Renounce Religion


You were on level 3 of the Dungeon.
You worshipped Okawaru.
Okawaru was noncommittal.
You were hungry.

You visited 1 branch of the dungeon, and saw 3 of its levels.

You collected 97 gold pieces.

Inventory:

Hand Weapons
 a - a +1 hunting sling (weapon)
 b - a +0 dagger of draining
Missiles
 d - 36 sling bullets
 l - 64 stones (quivered)
Armour
 c - a +0 leather armour (worn)
 h - a +0 pair of boots (worn)
 o - a +1 pair of gloves (worn)
Scrolls
 g - a scroll of teleportation {unknown}
 j - 2 scrolls of noise {unknown}
Potions
 e - a potion of flight
 i - a potion of ambrosia {unknown}
 k - 2 potions of might {unknown}
 m - a potion of curing {unknown}
 n - a potion of degeneration {unknown}
Comestibles
 f - 5 rations


   Skills:
 - Level 1.7 Fighting
 + Level 8.2 Slings
 - Level 2.1 Dodging
 - Level 1.1 Stealth


You had 3 spell levels left.
You didn't know any spells.
Your spell library was empty.

Dungeon Overview and Level Annotations

Branches:
Dungeon (3/15)

Altars:
Ashenzari
Fedhas
Hepliaklqana
Kikubaaqudgha
Makhleb
Nemelex Xobeh
Okawaru
Trog
Uskayaw
Zin

Annotations:
D:3 Grinder


Innate Abilities, Weirdness & Mutations

You are small and have problems with some larger weapons.
You are somewhat resistant to further mutation.


Message History

Press: ? - help, Shift-Dir - straight line, f/p - Grinder
Aim: Grinder (lightly wounded)
You shoot a stone. The stone hits Grinder.
Grinder is lightly wounded.
Grinder gestures at you.
You suddenly lose the ability to move!
Grinder gestures at you. Pain shoots through your body!
Grinder gestures at you. You resist with significant effort.
The hobgoblin hits you. Grinder hits you!
* * * LOW HITPOINT WARNING * * *
You writhe in agony.
* * * LOW HITPOINT WARNING * * *
The hobgoblin hits you.
* * * LOW HITPOINT WARNING * * *
Grinder hits you.
* * * LOW HITPOINT WARNING * * *
You writhe in agony.
You die...

#.##.......
#.###.[...# #.#
##...##
##########.# ##.##
+.........>#####.#
###.####.#......)#
#.# #>#######.#
#######.#
#[#######.#
...[...@#
#..)......#
......g5#
###########
........#
........#
.......(#
.......(#
.......(#
.......(#


You could see Grinder and a hobgoblin.

Vanquished Creatures
  2 adders (D:2)
  2 worms
  2 leopard geckos
  2 orcs (D:3)
  5 bats
  A giant cockroach (D:2)
  4 goblins
  5 hobgoblins
  2 jackals (D:2)
  5 kobolds
  A quokka (D:2)
  5 frilled lizards
  5 rats
41 creatures vanquished.

Notes
Turn   | Place    | Note
-------+----------+-------------------------------------------
     0 | D:1      | CowFu the Halfling Hunter began the quest for the Orb.
     0 | D:1      | Reached XP level 1. HP: 14/14 MP: 1/1
   124 | D:1      | Reached skill level 6 in Slings
   170 | D:1      | Reached XP level 2. HP: 19/19 MP: 2/2
   698 | D:2      | Found a hide-covered altar of Uskayaw.
   702 | D:2      | Reached skill level 7 in Slings
   702 | D:2      | Reached XP level 3. HP: 24/24 MP: 3/3
   785 | D:2      | Found a bloodstained altar of Trog.
   948 | D:2      | Found a shattered altar of Ashenzari.
   954 | D:2      | Found an ancient bone altar of Kikubaaqudgha.
   955 | D:2      | Found a glowing silver altar of Zin.
   955 | D:2      | Found a sparkling altar of Nemelex Xobeh.
   956 | D:2      | Found a blossoming altar of Fedhas.
   960 | D:2      | Found an iron altar of Okawaru.
   963 | D:2      | Became a worshipper of Warmaster Okawaru
  1382 | D:2      | Reached XP level 4. HP: 23/29 MP: 4/4
  1395 | D:2      | Reached skill level 8 in Slings
  1741 | D:2      | Found a burning altar of Makhleb.
  1948 | D:3      | Found a hazy altar of Hepliaklqana.
  2123 | D:3      | Noticed Grinder
  2123 | D:3      | Paralysed by Grinder for 3 turns
  2131 | D:3      | Paralysed by Grinder for 4 turns
  2135 | D:3      | Slain by Grinder

Levels and vault maps discovered:
D:1:      dpeg_arrival_orchard, layout_loops_ring
D:2:      layout_basic, nicolae_overflow_hidden_temple, minitemple,
          old_standard_altar, eat_drink_and_be_merry_uskayaw, first_ration,
          serial_bayou_crossing
D:3:      layout_basic, lemuel_round_altar, corexii_item_surrounded_by_moat,
          patterned_corridor, uniq_grinder, uniq_purgy

Skill      XL: |  1  2  3  4 |
---------------+-------------+-----
Slings         | 6 7 8 |  8.2
Fighting       | |  1.7
Dodging        | |  2.1
Stealth        | |  1.1

Action                   |  1- 3 |  4- 6 || total
-------------------------+-------+-------++-------
Melee: Dagger            |    28 |    16 ||    44
 Fire: Hunting sling     |    81 |    26 ||   107
Throw: Stone             |     1 |       ||     1
  Use: Potion            |       |     1 ||     1
  Eat: Chunk             |       |     3 ||     3
Armor: Leather armour    |     4 |     1 ||     5
Dodge: Dodged            |    36 |    10 ||    46

Table legend:
 A = Non-vault XP
 B = Vault XP
 C = Vault XP percentage of total XP
 D = Non-vault monster count
 E = Vault monster count
 F = Vault count percentage of total count
                 A         B        C        D         E       F
            +---------+---------+-------+---------+---------+-------
      Total |     100 |       0 |   0.0 |      41 |       0 |   0.0
            +---------+---------+-------+---------+---------+-------
        D:1 |      27 |       0 |   0.0 |      17 |       0 |   0.0
        D:2 |      61 |       0 |   0.0 |      20 |       0 |   0.0
        D:3 |      12 |       0 |   0.0 |       4 |       0 |   0.0
            +---------+---------+-------+---------+---------+-------
